 Dungeon Crawl Stone Soup version 0.30-a0-860-g512cf1e979 (webtiles) character file.

Game seed: 4878908425266532583

212 Zenkrye the Poker (level 6, 0/47 HPs)
             Began as a Human Cinder Acolyte on Mar 7, 2023.
             Was a High Priest of Ignis.
             Slain by a bullfrog (6 damage)
             ... on level 6 of the Dungeon.
             The game lasted 00:06:06 (2198 turns).

Zenkrye the Poker (Human Cinder Acolyte)            Turns: 2198, Time: 00:06:07

Health: 0/47       AC:  7    Str: 14    XL:     6   Next: 14%
Magic:  0/7        EV: 10    Int: 17    God:    Ignis [*****.]
Gold:   117        SH:  0    Dex:  8    Spells: 5/7 levels left

rFire   + . .      SeeInvis .    a - -1 spear (flame)
rCold   + . .      Faith    .    (no shield)
rNeg    . . .      Spirit   .    q - +0 ring mail
rPois   .          Reflect  .    (no helmet)
rElec   .          Rampage  .    (no cloak)
rCorr   .                        j - +1 pair of gloves
Will    .....                    (no boots) Stlth
                                 (no amulet)
HPRegen 0.27/turn                c - ring of ice
MPRegen 0.10/turn                f - ring of protection from fire

@: no status effects
A: no striking features
a: Renounce Religion, Fiery Armour, Foxfire Swarm, Rising Flame


You were on level 6 of the Dungeon.
You worshipped Ignis.
Ignis was extremely pleased with you.
You visited 1 branch of the dungeon, and saw 4 of its levels.

You collected 117 gold pieces.

Inventory:

Hand Weapons
 a - a -1 spear of flaming (weapon)
 r - a +0 trident
Missiles
 l - 3 poisoned darts (quivered)
Armour
 b - a +0 robe
 d - a +0 leather armour
 j - a +1 pair of gloves (worn)
 q - a +0 ring mail (worn)
Jewellery
 c - a ring of ice (left hand)
 f - a ring of protection from fire (right hand)
 n - a ring of positive energy
Scrolls
 s - a scroll of immolation
Potions
 h - a potion of might {unknown}
 k - a potion of flight
 o - 2 potions of attraction {unknown}
 p - a potion of resistance {unknown}
 t - a potion of heal wounds {unknown}


   Skills:
 - Level 3.0 Fighting
 * Level 5.1 Polearms
 - Level 1.0 Spellcasting
 + Level 4.7 Fire Magic


You had 5 spell levels left.
You knew the following spells:

 Your Spells              Type           Power      Damage    Failure   Level
a - Scorch                Fire           34%        2d7       10%         2

Your spell library contained the following spells:

 Spells                   Type           Power      Damage    Failure   Level
 Ensorcelled Hibernation  Hex/Ice        2%         N/A       54%         2
 Spider Form              Tmut/Pois      0%         N/A       78%         3
 Anguish                  Hex/Necr       0%         N/A       99%         4


Dungeon Overview and Level Annotations

Branches:
Dungeon (3/15)

Altars:
Makhleb
Lugonu

Annotations:
D:3 2 runed translucent doors, Grinder, Robin


Message History

It was a scroll of noise.
You hear a shout! x2; You hear a bark!
You hear a shout! x3
You hear an angry hiss.
You hear a shout!
The bullfrog barely misses you. The ice beast hits you.
* * * LOW HITPOINT WARNING * * *
The ice beast freezes you. You resist.
* * * LOW HITPOINT WARNING * * *
The bullfrog hits you.
* * * LOW HITPOINT WARNING * * *
You barely miss the ice beast.
The ice beast is almost dead.
The bullfrog barely misses you. The ice beast barely misses you.
You hit the ice beast.
You melt the ice beast.
You kill the ice beast!
The bullfrog hits you but does no damage.
The bullfrog misses you.
Your Polearms skill increases to level 5!
You have reached level 6!
Casting: Scorch (safe; 10% risk of failure)
Confirm with . or Enter, or press ? or * to list all spells.
Flames lash the bullfrog.
The bullfrog is heavily wounded.
The bullfrog's fire resistance burns away.
The bullfrog hits you.
* * * LOW HITPOINT WARNING * * *
It was a potion of curing.
You feel better. The bullfrog hits you.
* * * LOW HITPOINT WARNING * * *
The bullfrog hits you but does no damage.
It was a potion of haste.
You feel yourself speed up.
The bullfrog hits you but does no damage.
It was a potion of flight.
You feel very buoyant.
You fly up into the air.
The bullfrog hits you.
* * * LOW HITPOINT WARNING * * *
It was a potion of cancellation.
Your magical effects are unravelling.
You feel magically purged.
You feel yourself slow down.
You float gracefully downwards.
The bullfrog hits you.
You die...

.## .)###....#
####...# ....
####..### ###.#
.....#.....# .#
...........## .
...##Y.....####
.. #.......[.#
.. #.....###..
... #.....#####
.....##....@#
?.##.....##.F#
..
#..##.###.... .
#.. #.# ##....
... #.# #....
#.. #.# #.##
#.. ..# ... ..
..


You could see a bullfrog (combustible).

Vanquished Creatures
  An ice beast (D:6)
  An orc priest (D:6)
  An orc wizard (D:6)
  An adder (D:2)
  3 worms (D:2)
  3 orcs (D:6)
  4 bats
  7 endoplasms
  3 goblins
  A hobgoblin (D:2)
  3 jackals (D:2)
  6 kobolds
  2 quokkas
  2 ball pythons
  A frilled lizard (D:1)
39 creatures vanquished.

Notes
Turn   | Place    | Note
-------+----------+-------------------------------------------
     0 | D:1      | Zenkrye the Human Cinder Acolyte began the quest for the
                  | Orb.
     0 | D:1      | Reached XP level 1. HP: 18/18 MP: 2/2
   124 | D:1      | Reached XP level 2. HP: 13/24 MP: 3/3
   127 | D:1      | Learned a level 2 spell: Scorch
   841 | D:2      | Reached XP level 3. HP: 29/29 MP: 1/4
  1156 | D:2      | Found a faded altar of an unknown god.
  1557 | D:2      | Reached XP level 4. HP: 35/35 MP: 2/5
  1761 | D:3      | Noticed Grinder
  1810 | D:3      | Found a large runed translucent door.
  1813 | D:3      | Found a large runed translucent door.
  1815 | D:3      | Noticed Robin
  1816 | D:3      | Found a corrupted altar of Lugonu.
  2026 | D:3      | Found a burning altar of Makhleb.
  2026 | D:3      | You fall into a shaft and drop 3 floors!
  2041 | D:6      | Reached skill level 4 in Polearms
  2052 | D:6      | Reached XP level 5. HP: 41/41 MP: 0/6
  2157 | D:6      | Noticed an ice beast
  2185 | D:6      | Noticed a bullfrog
  2193 | D:6      | Killed an ice beast
  2194 | D:6      | Reached skill level 5 in Polearms
  2194 | D:6      | Reached XP level 6. HP: 7/47 MP: 2/7
  2194 | D:6      | HP: 1/47 [bullfrog (6)]
  2198 | D:6      | Slain by a bullfrog

Illustrated notes

Levels and vault maps discovered:
D:1:      dpeg_arrival_stone_temple_mockup, layout_basic
D:2:      layout_basic, ebering_ecumenical_altar_sacrificial, minmay_liquid_box
D:3:      due_chaos_kobolds, layout_basic, trog_book, lightli_temple_of_fire,
          gup_sewer_entry_glass, uniq_grinder, uniq_robin, uniq_jessica
D:6:      layout_rooms, nicolae_good_shop

Skill      XL: |  1  2  3  4  5 |
---------------+----------------+-----
Polearms       | 4 5 |  5.1
Fire Magic     | 4 |  4.7
Fighting       | |  3.0
Spellcasting   | |  1.0

Action                     |  1- 3 |  4- 6 || total
---------------------------+-------+-------++-------
  Melee: Spear             |    73 |    54 ||   127
  Throw: Dart              |    11 |       ||    11
   Cast: Scorch            |    14 |     7 ||    21
    Use: Scroll            |     1 |     5 ||     6
         Potion            |       |     4 ||     4
 Armour: Leather armour    |     9 |       ||     9
         Ring mail         |     4 |    23 ||    27
  Dodge: Dodged            |    21 |    19 ||    40

Table legend: (Time is in decaauts)
 A = Elapsed time spent in this place.
 B = Non-inter-level travel time spent in this place.
 C = Inter-level travel time spent in this place.
 D = Time resting spent in this place.
 E = Time spent auto-exploring this place.
 F = Levels seen in this place.
 G = Mean time per level.
                   A        B        C        D        E       F      G
               +--------+--------+--------+--------+--------+-----+--------+
         Total |   2185 |   2140 |     45 |     81 |   1616 |   4 |  546.2 |
       Dungeon |   2185 |   2140 |     45 |     81 |   1616 |   4 |  546.2 |
               +--------+--------+--------+--------+--------+-----+--------+

Top non-repeatable levels by time:
     D:2: 1104 daAuts
     D:1: 658 daAuts
     D:3: 256 daAuts
     D:6: 166 daAuts
